 Dungeon Crawl Stone Soup version 0.23-a0-435-g79ed067 (webtiles) character file.

22 Lavandula the Chucker (level 2, -8/19 HPs)
             Began as an Octopode Hunter on Nov 16, 2018.
             Mangled by an iguana (15 damage)
             ... on level 2 of the Dungeon.
             The game lasted 00:04:45 (857 turns).

Lavandula the Chucker (Octopode Hunter)              Turns: 857, Time: 00:04:47

Health: -8/19      AC:  3    Str: 11    XL:     2   Next: 91%
Magic:  2/2        EV: 13    Int: 13    God:
Gold:   112        SH:  0    Dex: 12    Spells: 1/1 levels left

rFire    . . .     SeeInvis .     - Unarmed
rCold    . . .     Gourm    .   (no shield)
rNeg     . . .     Faith    .   i - +2 hat
rPois    .         Spirit   .   p - amulet of inaccuracy (curse)
rElec    .         Reflect  .   (no ring)
rCorr    .         Harm     .   (no ring)
MR       .....                  (no ring)
Stlth    +++.......             (no ring)
HPRegen  0.06/turn              (no ring)
MPRegen  0.08/turn              (no ring)
                                (no ring)
                                (no ring)

@: no status effects
A: almost no armour, stealthy swim, amphibious, 8 rings, constrict 8, camouflage
1, gelatinous body 1
a: no special abilities


You were on level 2 of the Dungeon.
You were not hungry.

You visited 1 branch of the dungeon, and saw 4 of its levels.

You collected 112 gold pieces.

Inventory:

Hand Weapons
 k - a +0 hunting sling
Missiles
 b - 3 javelins (quivered)
 c - 2 throwing nets
 e - 48 stones
Armour
 i - a +2 hat (worn)
Jewellery
 p - a cursed amulet of inaccuracy (around mantle)
Scrolls
 m - a scroll of enchant weapon
Potions
 a - a potion of heal wounds {unknown}
 f - a potion of lignification {unknown}
 g - a potion of curing {unknown}
 j - a potion of haste {unknown}
 l - a potion of degeneration {unknown}
Comestibles
 d - 3 rations


   Skills:
 - Level 2.0 Fighting
 - Level 4.0 Throwing
 - Level 2.0 Dodging
 - Level 1.3 Stealth
 + Level 2.4 Unarmed Combat


You had one spell level left.
You didn't know any spells.
Your spell library was empty.

Dungeon Overview and Level Annotations

Branches:
Dungeon (4/15)
 Temple: D:4-7

Altars:
Okawaru
Wu Jian

Annotations:
D:2 2 transporters


Innate Abilities, Weirdness & Mutations

You cannot wear most types of armour.
You are very stealthy in the water. (Stealth+)
You are amphibious.
You can wear up to eight rings at the same time.
You can use your tentacles to constrict eight enemies at once.
Your skin changes colour to match your surroundings (Stealth+).
Your rubbery body absorbs attacks. (AC +1, EV +1)


Message History

a +0 short sword; a goblin corpse Throwing (i - inventory. (/) - cycle)
b - 5 javelins (quivered)
Press: ? - help, Shift-Dir - straight line, f - iguana
Aim: an iguana You throw a javelin.
The javelin misses the iguana.
Throwing (i - inventory. (/) - cycle)
b - 4 javelins (quivered)
Press: ? - help, Shift-Dir - straight line, f/p - iguana
Aim: an iguana You throw a javelin.
The javelin closely misses the iguana.
You tentacle-slap the iguana. Your grab misses the iguana.
The iguana is lightly wounded.
The iguana bites you!
Ouch! That really hurt!
You barely miss the iguana. Your grab misses the iguana.
The iguana is lightly wounded.
You barely miss the iguana. Your grab misses the iguana.
The iguana is lightly wounded.
The iguana bites you!
Ouch! That really hurt!
You die... ...# #...P.PPP . ##..P...P P(P . #..PPP.PPP.PP

. #..P......... .
#..P.PPP.P.PPP## .
#..P)P)P.P.....
#######..P.P.P.P.P.P
..(......[...P.PlP.P
######...PPPPPPP@PPP#
#...(...............#
#.####..>..#.########
.....#...#.#.#
.###.#####.#.#
.........#.#.#
####.#.#.#.#.#
.......#.#.#.#
.....#.#.#.#..


You could see an iguana.

Vanquished Creatures
  A giant cockroach (D:1)
  2 goblins (D:2)
  5 hobgoblins
  5 bats
  A frilled lizard (D:2)
  5 kobolds
  A rat (D:2)
20 creatures vanquished.

Notes
Turn   | Place    | Note
-------+----------+-------------------------------------------
     0 | D:1      | Lavandula the Octopode Hunter began the quest for the Orb.
     0 | D:1      | Reached XP level 1. HP: 14/14 MP: 1/1
    36 | D:1      | Reached skill level 1 in Unarmed Combat
   153 | D:1      | Reached XP level 2. HP: 16/19 MP: 2/2
   420 | D:2      | Found a transporter.
   420 | D:2      | Noticed a howler monkey
   423 | D:2      | Noticed a wight
   424 | D:2      | Found an ornate altar of the Wu Jian Council.
   424 | D:2      | Found a transporter.
   424 | D:2      | Noticed an ogre
   620 | D:3      | Noticed a wight
   735 | D:3      | Found an iron altar of Okawaru.
   857 | D:2      | Mangled by an iguana

Vault maps used:
D:1:      dpeg_arrival_tiny_a, minmay_stone_trees_medium, interstate_on_off,
          minmay_misc_feat_rows, glass_columns_a, kennysheep_doodads
D:2:      gammafunk_temple_overflow_arena, minmay_hedge_maze, bh_walls_and_bars
D:3:      old_standard_altar, lemuel_round_altar, chequers_jeans, uniq_jessica
D:4:      tgw_sif, tgw_kikubaaqudgha, uniq_duvessa

Skill      XL: |  1  2 |
---------------+-------+-----
Unarmed Combat | 1 2 |  2.4
Fighting       | |  2.0
Throwing       | |  4.0
Dodging        | |  2.0
Stealth        | |  1.3

Action                   || total
-------------------------++-------
Melee: Unarmed           ||    54
       Constrict         ||    11
       Tentacles         ||     9
Throw: Javelin           ||    12
  Use: Scroll            ||     4
 Stab: Sleeping          ||     4
Armor: Skin              ||    17
Dodge: Dodged            ||    53

Table legend:
 A = Non-vault XP
 B = Vault XP
 C = Vault XP percentage of total XP
 D = Non-vault monster count
 E = Vault monster count
 F = Vault count percentage of total count
                 A         B        C        D         E       F
            +---------+---------+-------+---------+---------+-------
      Total |      32 |       0 |   0.0 |      20 |       0 |   0.0
            +---------+---------+-------+---------+---------+-------
        D:1 |      13 |       0 |   0.0 |       8 |       0 |   0.0
        D:2 |      15 |       0 |   0.0 |       9 |       0 |   0.0
        D:3 |       4 |       0 |   0.0 |       3 |       0 |   0.0
            +---------+---------+-------+---------+---------+-------
